 Dungeon Crawl Stone Soup version 0.28-a0-1567-g1695149f81 (webtiles) character file.

Game seed: 7023437983319377981

9 Shayle the Magician (level 2, 0/23 HPs)
             Began as a Djinni Warper on Jan 20, 2022.
             Slain by a goblin (3 damage)
             ... on level 2 of the Dungeon.
             The game lasted 00:01:21 (358 turns).

Shayle the Magician (Djinni Warper)                  Turns: 358, Time: 00:01:22

Health: 0/23       AC:  3    Str: 10    XL:     2   Next: 25%
Gold:   16         EV: 11    Int: 14    God:
                   SH:  0    Dex: 12

rFire   + + .      SeeInvis .     - Unarmed
rCold   x . .      Faith    .   (no shield)
rNeg    . . .      Spirit   .   a - +0 leather armour
rPois   ∞          Reflect  .   (no helmet)
rElec   .          Harm     .   (no cloak)
rCorr   .          Rampage  .   (no gloves)
Will    .....                   (boots unavailable)
Stlth   +.........              (no amulet)
HPRegen 0.07/turn               (no ring)
MPRegen 0.00/turn               (no ring)

@: flying
A: sickness immunity, fire resistance 2, cold vulnerability 1, float, innate
caster, hp casting, extra vitality 1
a: no special abilities


You were on level 2 of the Dungeon.
You visited 1 branch of the dungeon, and saw 2 of its levels.

You collected 16 gold pieces.

Inventory:

Armour
 a - a +0 leather armour (worn)
Scrolls
 d - a scroll of identify {unknown}


   Skills:
 + Level 2.2 Fighting
 - Level 0.7 Throwing
 - Level 1.0 Armour
 - Level 2.1 Dodging
 + Level 2.2 Unarmed Combat
 + Level 2.6 Spellcasting


You couldn't memorise any spells.
You knew the following spells:

 Your Spells              Type           Power      Damage    Failure   Level
a - Blink                 Tloc           18%        N/A       16%         2
b - Lesser Beckoning      Tloc           9%         N/A       30%         3
c - Gell's Gravitas       Tloc           9%         N/A       30%         3
d - Teleport Other        Tloc           9%         N/A       30%         3
e - Manifold Assault      Tloc           9%         N/A       96%         5
Your spell library was empty.

Dungeon Overview and Level Annotations

Branches:
Dungeon (2/15)

Altars:

Shops:
D:2 (


Innate Abilities, Weirdness & Mutations

You are immune to sickness and miasma.
You are immune to poison.
Your flesh is very heat resistant. (rF++)
You are vulnerable to cold. (rC-)
You float through the air rather than walking.
You learn spells naturally, not from books.
Your magical power is your life essence.
You have superior vitality. (+4 MHP)


Message History

You throw a boomerang of dispersal.
The boomerang of dispersal hits the hobgoblin but does no damage.
Throw: boomerang (disperse)
Press: ? - help, Q - select action, (/) - cycle Shift-Dir - straight line, f/p - hobgoblin
Aim: a hobgoblin, wielding a +2 spear of distortion and wearing a +0 leather armour (57% to hit)
You throw a boomerang of dispersal.
The boomerang of dispersal hits the hobgoblin.
The hobgoblin blinks!
You start resting.
A hobgoblin is nearby!
The hobgoblin hits you with a +2 spear of distortion.
Space warps around you.
You hit the hobgoblin but do no damage.
The hobgoblin is heavily wounded.
The hobgoblin hits you with a +2 spear of distortion.
* * * LOW HITPOINT WARNING * * *
You blink.
The hobgoblin closely misses you.
The hobgoblin hits you with a +2 spear of distortion.
* * * LOW HITPOINT WARNING * * *
You blink.
Blink to where?
Press: ? - help, Dir - move target, p - hobgoblin
As you read the scroll of blinking, it crumbles to dust.
There is a stone staircase leading down here.
You start resting.
A hobgoblin is nearby!
You fly downwards.
The goblin shouts!
You hear an angry hiss.
Found an amethyst potion.
Found Ruonorai's Antique Weapon Boutique.
There is a stone staircase leading up here. 2 ball pythons come into view.
The ball python hisses angrily. x2
Found a scroll labelled IQYHYH KUONY.
The goblin hits you but does no damage.
Found a stone staircase leading down.
You hit the ball python.
You kill the ball python!
You closely miss the goblin. The goblin hits you with a +0 club.
You die...

###### ####..!..
........###
#........###### #
#.........#
#.###.<..####.#
#.≈≈≈....####.#
#≈≈≈≈≈#.S#.g@.#
#≈≈∩≈≈...#S######
..≈≈.≈≈...........>
##.≈.≈....#..###.##
#.#..###....# #.#..
.....# #. #.....#
#. #.....? #.....##


You could see a goblin and a ball python.

Vanquished Creatures
  A dart slug (D:1)
  A ball python (D:2)
  A goblin (D:1)
  A hobgoblin (D:1)
  A quokka (D:1)
  2 frilled lizards (D:1)
7 creatures vanquished.

Notes
Turn   | Place    | Note
-------+----------+-------------------------------------------
     0 | D:1      | Shayle the Djinni Warper began the quest for the Orb.
     0 | D:1      | Reached XP level 1. HP: 18/18 MP: 0/0
   176 | D:1      | Reached XP level 2. HP: 10/23 MP: 0/0
   322 | D:1      | HP: 1/23 [hobgoblin (5)]
   346 | D:2      | Found Ruonorai's Antique Weapon Boutique.
   358 | D:2      | Slain by a goblin

Illustrated notes

Levels and vault maps discovered:
D:1:      zelgadis_glass_arrival_small, layout_rooms,
          hellmonk_ecumenical_altar_watching_god, moated_statue,
          minmay_misc_feat_iff, chequers_arboretum
D:2:      layout_basic, serial_shops, nicolae_shop_waterfront,
          uniq_crazy_yiuf_cottage

Action                   || total
-------------------------++-------
Melee: Unarmed           ||    27
Throw: Boomerang         ||     5
  Use: Scroll            ||     1
Armor: Leather armour    ||     5
Dodge: Dodged            ||    13

Table legend: (Time is in decaauts)
 A = Elapsed time spent in this place.
 B = Non-inter-level travel time spent in this place.
 C = Inter-level travel time spent in this place.
 D = Time resting spent in this place.
 E = Time spent auto-exploring this place.
 F = Levels seen in this place.
 G = Mean time per level.
                   A        B        C        D        E       F      G
               +--------+--------+--------+--------+--------+-----+--------+
         Total |    357 |    357 |      0 |     75 |    163 |   2 |  178.5 |
       Dungeon |    357 |    357 |      0 |     75 |    163 |   2 |  178.5 |
               +--------+--------+--------+--------+--------+-----+--------+

Top non-repeatable levels by time:
     D:1: 346 daAuts
     D:2: 11 daAuts
